[Event "Titled Tuesday Blitz February 15 Early 2022"]
[White "Arabidze, Meri"]
[Black "Brunner, Nicolas"]
[WhiteFideId "13604040"]
[BlackFideId "620246"]
[WhiteElo "2329"]
[BlackElo "2372"]
[Result "1-0"]
[Round "08"]
[TimeControl "180+1"]
[Date "2022.02.15"]
[WhiteClock "0:00:14"]
[BlackClock "0:00:10"]

1. d4 d5 2. Nf3 Nf6 3. c4 e6 4. Nc3 Be7 5. Bg5 h6 6. Bh4 O-O 7. e3 b6 8. Bd3 Bb7 9. O-O Nbd7 10. Bg3 c5 11. cxd5 Nxd5 12. Nxd5 Bxd5 13. Rc1 Bb7 14. Bb1 Nf6 15. dxc5 Bxc5 16. Ne5 Qxd1 17. Rfxd1 Rfd8 18. a3 a5 19. Nd3 Bd6 20. Bxd6 Rxd6 21. Ne5 Rad8 22. Rxd6 Rxd6 23. f3 Nd7 24. Nc4 Rc6 25. Be4 Rc7 26. Bxb7 Rxb7 27. Nd6 Rb8 28. Rc7 Ne5 29. f4 Nd3 30. b3 f5 31. h3 Nc5 32. b4 axb4 33. axb4 Na6 34. Rc4 Rd8 35. Nc8 b5 36. Rc1 Nxb4 37. Na7 Nd5 38. Nxb5 Nxe3 39. Kf2 Nd5 40. g3 Nf6 41. Ke2 Ne4 42. g4 Rd2+ 43. Ke3 Rh2 44. Rc8+ Kh7 45. gxf5 exf5 46. Kd4 Rxh3 47. Ke5 Ng3 48. Nd4 Rh1 49. Ne6 Re1+ 50. Kd6 Ne4+ 51. Ke7 Nf6 52. Kf7 h5 53. Ng5+ Kh6 54. Rh8+ Nh7 55. Rxh7# 1-0


[Site "https://www.chess.com"]

[Event "Titled Tuesday Blitz February 15 Early 2022"]
[White "Araujo Filho, Luiz Antonio Coel"]
[Black "Piliczewski, Bogusz"]
[WhiteFideId "2130661"]
[BlackFideId "1104144"]
[WhiteElo "2186"]
[BlackElo "1896"]
[Result "1-0"]
[Round "08"]
[TimeControl "180+1"]
[Date "2022.02.15"]
[WhiteClock "0:00:28"]
[BlackClock "0:00:04"]

1. d4 d5 2. Nf3 Nf6 3. e3 Bf5 4. Bd3 e6 5. Bxf5 exf5 6. Qd3 Qc8 7. O-O g6 8. c4 c6 9. Nc3 dxc4 10. Qxc4 Be7 11. b3 O-O 12. Bb2 Nbd7 13. Rac1 Nb6 14. Qe2 Qe6 15. Rfd1 Rfd8 16. h3 Nfd5 17. Ne5 Bf6 18. Nd3 Nxc3 19. Bxc3 Nd5 20. Ba1 Be7 21. Ne5 Bd6 22. Nf3 a5 23. Ng5 Qe7 24. Nf3 a4 25. Rd2 Ra6 26. Rb1 Rb6 27. Qd1 axb3 28. Rxb3 Rxb3 29. Qxb3 Ra8 30. Rb2 b5 31. Rc2 Ra3 32. Qb1 Qb7 33. Nd2 Nb4 34. Rb2 Nd5 35. Rc2 Nb4 36. Rb2 Qa6 37. Rxb4 Bxb4 38. Qxb4 Rxa2 39. Bc3 Ra4 40. Qe7 b4 41. Bxb4 Qa8 42. Bd6 Ra1+ 43. Kh2 Ra2 44. Nf3 Rxf2 45. Be5 Qf8 46. Qf6 1-0


[Site "https://www.chess.com"]

[Event "Titled Tuesday Blitz February 15 Early 2022"]
[White "Ardila, Oscar Humberto"]
[Black "Golsta, Madara"]
[WhiteFideId "4404742"]
[BlackFideId "11607386"]
[WhiteElo "1898"]
[BlackElo "1997"]
[Result "1-0"]
[Round "08"]
[TimeControl "180+1"]
[Date "2022.02.15"]
[WhiteClock "0:00:21"]
[BlackClock "0:00:04"]

1. d4 Nf6 2. c4 g6 3. Nc3 d5 4. cxd5 Nxd5 5. e4 Nxc3 6. bxc3 Bg7 7. Bc4 c5 8. Ne2 O-O 9. O-O b6 10. Be3 Qc7 11. Rc1 e6 12. Qd2 Bb7 13. f3 Nc6 14. Bf4 Qe7 15. d5 exd5 16. Bxd5 Rad8 17. Rfd1 c4 18. Bg5 Bf6 19. Bh6 Rfe8 20. Qf4 Be5 21. Qg4 Na5 22. Bg5 Bf6 23. Bxf6 Qxf6 24. Qf4 Qxf4 25. Nxf4 g5 26. Nh3 Bxd5 27. exd5 h6 28. Rd2 Nb7 29. f4 gxf4 30. Nxf4 Nc5 31. Rd4 b5 32. Rf1 Re3 33. Rf3 Re1+ 34. Kf2 Ne4+ 35. Kxe1 1-0


[Site "https://www.chess.com"]

[Event "Titled Tuesday Blitz February 15 Early 2022"]
[White "Arngrimsson, Dagur"]
[Black "Liyanage, Ranindu Dilshan"]
[WhiteFideId "2301288"]
[BlackFideId "9915834"]
[WhiteElo "2286"]
[BlackElo "1858"]
[Result "0-1"]
[Round "08"]
[TimeControl "180+1"]
[Date "2022.02.15"]
[WhiteClock "0:00:14"]
[BlackClock "0:00:13"]

1. e4 c5 2. Nf3 Nc6 3. d4 cxd4 4. Nxd4 Nf6 5. Nc3 e6 6. f3 d5 7. exd5 exd5 8. Be3 Bd6 9. Qd2 O-O 10. g4 Re8 11. O-O-O Bb4 12. a3 Ba5 13. Nb3 Be6 14. Kb1 Bb6 15. Bxb6 Qxb6 16. g5 Nh5 17. Bd3 d4 18. Ne4 Ne5 19. Nec5 Bd5 20. Rhe1 Nxf3 21. Rxe8+ Rxe8 22. Qf2 Bc6 23. Rf1 Nf4 24. Nxd4 Qxc5 25. Nxf3 Qxf2 26. Rxf2 Bd5 27. b3 g6 28. h4 Re3 29. Bc4 Bxf3 30. Kb2 a6 31. a4 Ne6 32. Rd2 Bg4 33. Rd7 Kg7 34. Rxb7 Bf5 35. Bxa6 Nd4 36. Bc4 Be6 37. Rc7 Bxc4 38. Rxc4 Ne6 39. a5 Re5 40. Ra4 Nc5 41. Ra1 Na6 42. c3 f6 43. b4 fxg5 44. hxg5 Rxg5 45. Kb3 h5 46. Rd1 h4 47. Rd7+ Kh6 48. Rd6 h3 49. Rd3 Rh5 50. b5 Rxb5+ 51. Kc4 Rh5 52. Rd1 h2 53. Rh1 g5 54. Kb5 g4+ 55. Kxa6 g3 56. Rf1 g2 57. Rf6+ Kg5 58. Rf2 g1=Q 59. Rd2 h1=Q 60. c4 Qf1 61. Rd5+ Kg4 62. Kb7 Qxc4 63. Kb8 Qcxd5 64. a6 Qd6+ 65. Ka7 Qc7# 0-1


[Site "https://www.chess.com"]

[Event "Titled Tuesday Blitz February 15 Early 2022"]
[White "Bettalli, Francesco"]
[Black "Tregubov, Pavel V."]
[WhiteFideId "2816453"]
[BlackFideId "4115341"]
[WhiteElo "2216"]
[BlackElo "2341"]
[Result "1-0"]
[Round "08"]
[TimeControl "180+1"]
[Date "2022.02.15"]
[WhiteClock "0:00:52"]
[BlackClock "0:00:52"]

1. d4 Nf6 2. Nc3 d5 3. Bf4 c6 4. e3 Bf5 5. f3 h6 6. Bd3 e6 7. Nge2 Be7 8. g4 Bxd3 9. Qxd3 c5 10. dxc5 Nc6 11. a3 Bxc5 12. O-O-O Qa5 13. Nb5 O-O 14. h4 e5 15. g5 exf4 16. gxf6 Bxe3+ 17. Kb1 Rfd8 18. Rhg1 Bxg1 19. Rxg1 Ne5 20. Rxg7+ Kf8 21. Qh7 Ke8 22. Ned4 a6 23. Qf5 Kf8 24. Qxe5 1-0


[Site "https://www.chess.com"]

[Event "Titled Tuesday Blitz February 15 Early 2022"]
[White "Bintang, Rasyid A. Hidayat"]
[Black "Johnson, Ben"]
[WhiteFideId "7105355"]
[BlackFideId "2010917"]
[WhiteElo "2344"]
[BlackElo "2219"]
[Result "1-0"]
[Round "08"]
[TimeControl "180+1"]
[Date "2022.02.15"]
[WhiteClock "0:01:52"]
[BlackClock "0:00:03"]

1. d4 Nf6 2. Bf4 d5 3. e3 c5 4. Nd2 Nc6 5. Ngf3 e6 6. c3 Bd6 7. Bg3 O-O 8. Bd3 b6 9. e4 Be7 10. e5 Nh5 11. Ng5 Bxg5 12. Qxh5 g6 13. Qe2 cxd4 14. h4 Bxd2+ 15. Qxd2 dxc3 16. bxc3 f5 17. h5 Qc7 18. hxg6 hxg6 19. Qh6 Qg7 20. Bb5 Qxh6 21. Rxh6 Kg7 22. Bxc6 Kxh6 23. Bxa8 f4 24. Bh2 g5 25. O-O-O b5 26. Bc6 a6 27. g3 Rf7 28. a4 Rc7 29. axb5 axb5 30. Bxb5 Rxc3+ 31. Kd2 Rb3 32. Bd3 Bd7 33. gxf4 g4 34. Bg3 Rb2+ 35. Ke3 Rb4 36. Rh1+ Kg7 37. Rh7+ Kg8 38. Rxd7 1-0


[Site "https://www.chess.com"]

[Event "Titled Tuesday Blitz February 15 Early 2022"]
[White "Blokhin, Sofia"]
[Black "Redzisz, Michal"]
[WhiteFideId "4508190"]
[BlackFideId "21816107"]
[WhiteElo "1762"]
[BlackElo "1961"]
[Result "0-1"]
[Round "08"]
[TimeControl "180+1"]
[Date "2022.02.15"]
[WhiteClock "0:00:59"]
[BlackClock "0:00:26"]

1. d4 Nf6 2. c4 c5 3. d5 e6 4. Nc3 exd5 5. cxd5 d6 6. e4 g6 7. Nf3 Bg7 8. Bf4 O-O 9. a4 Re8 10. Nd2 Nh5 11. Be3 Nd7 12. f3 Ne5 13. Nc4 f5 14. Be2 Nxc4 15. Bxc4 Bxc3+ 16. bxc3 fxe4 17. O-O Ng7 18. fxe4 Rxe4 19. Qf3 Bf5 20. Bd3 Re8 21. Bb5 Rf8 22. Qg3 a6 23. Bc4 Qd7 24. Bf4 Rad8 25. a5 Nh5 26. Qg5 Nxf4 27. Rxf4 Rde8 28. h4 Qe7 29. Qh6 Qe3+ 30. Kh2 Re4 0-1


[Site "https://www.chess.com"]

[Event "Titled Tuesday Blitz February 15 Early 2022"]
[White "Bodnaruk, Anastasia"]
[Black "Balint, Vilmos"]
[WhiteFideId "4181751"]
[BlackFideId "718050"]
[WhiteElo "2393"]
[BlackElo "2059"]
[Result "1-0"]
[Round "08"]
[TimeControl "180+1"]
[Date "2022.02.15"]
[WhiteClock "0:01:41"]
[BlackClock "0:01:57"]

1. e4 c5 2. Nc3 b6 3. d4 cxd4 4. Qxd4 Nc6 5. Qd2 Bb7 6. b3 g6 7. Bb2 Bg7 8. O-O-O d6 9. f4 a6 10. Nf3 Qc8 11. Nd5 Bxb2+ 12. Kxb2 Qd8 13. Qc3 f6 14. Qe3 b5 15. e5 Kf7 16. Be2 Qa5 17. Rhf1 Nb4 18. Nxb4 Qxb4 19. Nd4 dxe5 20. fxe5 f5 21. g4 e6 22. gxf5 exf5 23. e6+ Kg7 24. Qe5+ Nf6 25. Nxf5+ gxf5 26. Rd7+ Kg8 27. Qxf6 Qc3+ 28. Kxc3 1-0


[Site "https://www.chess.com"]

[Event "Titled Tuesday Blitz February 15 Early 2022"]
[White "Boraso, Alessio"]
[Black "Vetokhin, Ilia"]
[WhiteFideId "848077"]
[BlackFideId "24156078"]
[WhiteElo "2277"]
[BlackElo "1897"]
[Result "0-1"]
[Round "08"]
[TimeControl "180+1"]
[Date "2022.02.15"]
[WhiteClock "0:00:03"]
[BlackClock "0:00:13"]

1. e4 c5 2. c3 Nf6 3. e5 Nd5 4. d4 cxd4 5. cxd4 d6 6. Nf3 Nc6 7. Bc4 dxe5 8. dxe5 Ndb4 9. Qxd8+ Nxd8 10. Na3 g6 11. Bd2 Ndc6 12. Bc3 Be6 13. Bxe6 fxe6 14. Ng5 Nd3+ 15. Ke2 Nf4+ 16. Kf3 Nd5 17. Nxe6 Nxc3 18. Nc7+ Kd7 19. Nxa8 Nd5 20. Rhd1 e6 21. Nb5 Kc8 22. Rac1 Kb8 23. Rxd5 exd5 24. Nbc7 Bh6 25. Rc2 Nd4+ 26. Kg4 Nxc2 0-1


[Site "https://www.chess.com"]

[Event "Titled Tuesday Blitz February 15 Early 2022"]
[White "Bures, Vit"]
[Black "Kejzar, Petra"]
[WhiteFideId "309052"]
[BlackFideId "14610213"]
[WhiteElo "2118"]
[BlackElo "2006"]
[Result "1-0"]
[Round "08"]
[TimeControl "180+1"]
[Date "2022.02.15"]
[WhiteClock "0:00:18"]
[BlackClock "0:00:07"]

1. d4 Nf6 2. c4 d6 3. Nc3 c6 4. e4 Nbd7 5. Nf3 e5 6. Be2 Qc7 7. O-O g6 8. Bg5 Bg7 9. Qd2 h6 10. Bh4 g5 11. Bg3 O-O 12. c5 Nh5 13. cxd6 Qxd6 14. Rad1 Nxg3 15. hxg3 exd4 16. Nxd4 Nc5 17. Qe3 Qe7 18. f4 Bd7 19. e5 Rad8 20. b4 Ne6 21. Nf5 Qxb4 22. Nxg7 Kxg7 23. Ne4 Qb6 24. Qxb6 axb6 25. f5 Nc5 26. Nd6 Bc8 27. Bh5 Rd7 28. f6+ Kg8 29. Nf5 Rxd1 30. Ne7+ Kh8 31. Rxd1 Ne4 32. Nxc8 Rxc8 33. Bxf7 Rf8 34. Bg6 Nxg3 35. Rd7 Rb8 36. Rh7+ Kg8 37. f7+ Kf8 38. Rh8+ Ke7 39. Rxb8 1-0


[Site "https://www.chess.com"]

[Event "Titled Tuesday Blitz February 15 Early 2022"]
[White "Carrasco Miranda, Andres"]
[Black "Bugayev, Vladimir"]
[WhiteFideId "3405990"]
[BlackFideId "30901480"]
[WhiteElo "2177"]
[BlackElo "2396"]
[Result "0-1"]
[Round "08"]
[TimeControl "180+1"]
[Date "2022.02.15"]
[WhiteClock "0:00:32"]
[BlackClock "0:00:37"]

1. d4 Nf6 2. c4 c5 3. d5 b5 4. cxb5 a6 5. bxa6 Bxa6 6. Nc3 d6 7. g3 g6 8. Bg2 Bg7 9. Nf3 O-O 10. O-O Nbd7 11. Rb1 Nb6 12. b3 Bb7 13. Nh4 Ne8 14. Bd2 Nc7 15. e4 e6 16. dxe6 Nxe6 17. a4 Nd4 18. Re1 Nd7 19. Nf3 Nxf3+ 20. Bxf3 Ne5 21. Be2 f5 22. f4 Nc6 23. Bc4+ Kh8 24. exf5 Bd4+ 25. Kf1 Rxf5 26. Ne2 Bg7 27. Bc3 d5 28. Bxg7+ Kxg7 29. Bd3 Rf7 30. Nc3 Nb4 31. Bb5 Ba6 32. Bxa6 Rxa6 33. Rb2 Raf6 34. Rbe2 g5 35. Re5 gxf4 36. g4 Qc8 37. Nxd5 Nxd5 38. Rxd5 f3 39. Rh5 Qxg4 40. Ree5 Qg2+ 41. Ke1 Qg1+ 42. Kd2 Rd6+ 43. Rd5 Rxd5+ 44. Rxd5 Qxd1+ 45. Kxd1 f2 0-1


[Site "https://www.chess.com"]

[Event "Titled Tuesday Blitz February 15 Early 2022"]
[White "Cherniaiev, Tykhon"]
[Black "Dreev, Aleksey"]
[WhiteFideId "14182360"]
[BlackFideId "4100107"]
[WhiteElo "2289"]
[BlackElo "2636"]
[Result "1-0"]
[Round "08"]
[TimeControl "180+1"]
[Date "2022.02.15"]
[WhiteClock "0:00:34"]
[BlackClock "0:00:34"]

1. Nf3 d5 2. c4 c6 3. b3 Bg4 4. e3 Nd7 5. Bb2 e6 6. Be2 Ngf6 7. O-O Bd6 8. d4 O-O 9. Nc3 Qe7 10. h3 Bh5 11. Re1 a5 12. a4 Bb4 13. Nd2 Bg6 14. Bf3 Rfe8 15. e4 dxe4 16. Ndxe4 Nxe4 17. Bxe4 Bxe4 18. Rxe4 Rad8 19. Re3 Nf6 20. Ne4 Nxe4 21. Rxe4 Qf6 22. Qe2 Qf5 23. Rd1 Be7 24. Rd3 Bf6 25. Rf3 Qh5 26. Rg4 Kh8 27. Rxf6 e5 28. dxe5 Re6 29. Rxe6 fxe6 30. Rd4 Qe8 31. Qd2 Rb8 32. Qxa5 h6 33. Qc7 Qg8 34. Rd7 Rf8 35. Ba3 Re8 36. Qxb7 Qh7 37. Rf7 Qg6 38. Rf8+ Rxf8 39. Bxf8 1-0


[Site "https://www.chess.com"]

[Event "Titled Tuesday Blitz February 15 Early 2022"]
[White "Chernomordik, Pavel"]
[Black "Bhagwat, Vinod"]
[WhiteFideId "2804530"]
[BlackFideId "5005949"]
[WhiteElo "2249"]
[BlackElo "2115"]
[Result "1-0"]
[Round "08"]
[TimeControl "180+1"]
[Date "2022.02.15"]
[WhiteClock "0:00:17"]
[BlackClock "0:00:01"]

1. e4 e5 2. Nf3 Nc6 3. Bb5 a6 4. Ba4 Nf6 5. Qe2 b5 6. Bb3 Be7 7. d4 d6 8. Be3 O-O 9. c3 Rb8 10. Nbd2 exd4 11. cxd4 Na5 12. Bc2 c5 13. O-O Re8 14. e5 cxd4 15. Bxd4 dxe5 16. Bxe5 Rb6 17. Rfe1 Be6 18. Rad1 Qc8 19. Rc1 Qb7 20. Ng5 h6 21. Nxe6 Rxe6 22. Qd3 Rd8 23. Qe2 Qd5 24. Nf3 Nc6 25. Rcd1 Qc4 26. Rxd8+ Bxd8 27. Qxc4 bxc4 28. Bf5 Re8 29. Rd1 Nxe5 30. Nxe5 1-0


[Site "https://www.chess.com"]

[Event "Titled Tuesday Blitz February 15 Early 2022"]
[White "Clawitter, Craig"]
[Black "Buscar, Michael"]
[WhiteFideId "2023105"]
[BlackFideId "2603616"]
[WhiteElo "2140"]
[BlackElo "2010"]
[Result "0-1"]
[Round "08"]
[TimeControl "180+1"]
[Date "2022.02.15"]
[WhiteClock "0:00:02"]
[BlackClock "0:00:41"]

1. e4 c5 2. Nf3 e6 3. d4 cxd4 4. Nxd4 Nc6 5. Nc3 Qc7 6. Be3 a6 7. Qd2 Nf6 8. f3 d6 9. g4 Be7 10. O-O-O Na5 11. g5 Nd7 12. h4 Nc4 13. Bxc4 Qxc4 14. Kb1 b5 15. h5 Bb7 16. g6 e5 17. Nf5 hxg6 18. hxg6 Rxh1 19. Rxh1 fxg6 20. Nxd6+ Bxd6 21. Qxd6 O-O-O 22. Rd1 Qc7 23. Qxg6 Nf6 24. Qf5+ Kb8 25. Rxd8+ Qxd8 26. Qxe5+ Ka8 27. Qc5 Kb8 28. Qa7+ Kc8 29. Qc5+ Kb8 30. a3 Nd7 31. Bf4+ Ka8 32. Qd6 Qc8 33. e5 Nc5 34. Ne4 Ne6 0-1


[Site "https://www.chess.com"]

[Event "Titled Tuesday Blitz February 15 Early 2022"]
[White "Crispin Ferreras, Darvi Abraham"]
[Black "Prohorov, Olexandr"]
[WhiteFideId "6402771"]
[BlackFideId "14105578"]
[WhiteElo "2187"]
[BlackElo "1993"]
[Result "0-1"]
[Round "08"]
[TimeControl "180+1"]
[Date "2022.02.15"]
[WhiteClock "0:01:36"]
[BlackClock "0:00:53"]

1. c4 g6 2. Nc3 Bg7 3. Nf3 c5 4. d4 cxd4 5. Nxd4 Nc6 6. Be3 Nf6 7. g3 Ng4 8. Nxc6 bxc6 9. Bd4 Ne5 10. Bg2 O-O 11. c5 Rb8 12. Rb1 d5 13. cxd6 exd6 14. O-O c5 15. Be3 Bf5 16. Be4 Bh3 17. Re1 Re8 18. Bd5 h5 19. Qd2 Ng4 20. Bg5 Qd7 21. Bb3 Qf5 22. e4 Qf3 0-1


[Site "https://www.chess.com"]

[Event "Titled Tuesday Blitz February 15 Early 2022"]
[White "Daneshvar, Bardiya"]
[Black "Maze, Sebastien"]
[WhiteFideId "12576468"]
[BlackFideId "613762"]
[WhiteElo "2805"]
[BlackElo "2606"]
[Result "1-0"]
[Round "08"]
[TimeControl "180+1"]
[Date "2022.02.15"]
[WhiteClock "0:00:15"]
[BlackClock "0:00:37"]

1. d4 Nf6 2. c4 g6 3. Nc3 Bg7 4. e4 d6 5. Nf3 O-O 6. Be2 Na6 7. O-O e5 8. Be3 c6 9. d5 Ng4 10. Bg5 f6 11. Bd2 c5 12. Ne1 Nh6 13. Nd3 f5 14. f3 f4 15. b4 b6 16. Nb5 Nf7 17. Rb1 g5 18. bxc5 bxc5 19. Qa4 h5 20. Nf2 Nh6 21. h3 Rf6 22. Na3 Rg6 23. Ba5 Qf8 24. Qc6 Rb8 25. Rxb8 Nxb8 26. Qc7 Nd7 27. Nb5 g4 28. Nxa7 gxh3 29. Nxh3 Nb6 30. Nxc8 Nxc8 31. Rb1 Kh7 32. Rb8 Qf6 33. Qd8 Rxg2+ 34. Kxg2 Qg6+ 35. Ng5+ 1-0


[Site "https://www.chess.com"]

[Event "Titled Tuesday Blitz February 15 Early 2022"]
[White "Demchenko, Anton"]
[Black "Goryachkina, Aleksandra"]
[WhiteFideId "4160258"]
[BlackFideId "4147103"]
[WhiteElo "2539"]
[BlackElo "2426"]
[Result "1-0"]
[Round "08"]
[TimeControl "180+1"]
[Date "2022.02.15"]
[WhiteClock "0:00:53"]
[BlackClock "0:00:01"]

1. e4 e6 2. d4 d5 3. Nd2 c5 4. exd5 Qxd5 5. dxc5 Qxc5 6. Ngf3 Nf6 7. g3 Nbd7 8. Bg2 Be7 9. O-O O-O 10. c4 Qc7 11. Nd4 a6 12. b3 Nc5 13. Qe2 Bd7 14. Bb2 Rad8 15. Rad1 Bc8 16. Nb1 Rfe8 17. Nc3 e5 18. Nc2 Bf5 19. Nb4 Bg4 20. Bf3 Be6 21. Nbd5 Bxd5 22. Nxd5 Nxd5 23. Bxd5 Bd6 24. Qg4 Kh8 25. Rfe1 Ne6 26. Qe4 Nc5 27. Qf5 g6 28. Qxf7 1-0


[Site "https://www.chess.com"]

[Event "Titled Tuesday Blitz February 15 Early 2022"]
[White "Demin, Vladimir"]
[Black "Firat, Burak"]
[WhiteFideId "4167457"]
[BlackFideId "6305881"]
[WhiteElo "2501"]
[BlackElo "2419"]
[Result "0-1"]
[Round "08"]
[TimeControl "180+1"]
[Date "2022.02.15"]
[WhiteClock "0:00:03"]
[BlackClock "0:01:03"]

1. e4 c5 2. Nf3 e6 3. c3 d5 4. e5 Nc6 5. d4 Qb6 6. Na3 cxd4 7. cxd4 Nge7 8. Nc2 Nf5 9. g4 Nfe7 10. Bd3 h5 11. g5 h4 12. h3 Nf5 13. O-O Bd7 14. Rb1 Be7 15. b4 a6 16. Bd2 Rc8 17. a4 Qd8 18. Qe1 b5 19. axb5 axb5 20. Kg2 Qb6 21. Be3 O-O 22. Qe2 Qb7 23. Rfd1 Ra8 24. Bxf5 exf5 25. Nxh4 Ra2 26. Ra1 Rfa8 27. Rxa2 Rxa2 28. Rd2 Nxe5 29. dxe5 d4+ 30. Kh2 dxe3 31. Nxe3 Rxd2 32. Qxd2 Bxg5 33. Nhg2 f4 34. Nd5 Bc6 35. Ngxf4 Bxd5 36. Qxd5 Bxf4+ 0-1


[Site "https://www.chess.com"]

[Event "Titled Tuesday Blitz February 15 Early 2022"]
[White "Devaev, Alexander"]
[Black "Maung, Maung Kyaw Zaw Hein"]
[WhiteFideId "4169395"]
[BlackFideId "13001698"]
[WhiteElo "2185"]
[BlackElo "1785"]
[Result "1-0"]
[Round "08"]
[TimeControl "180+1"]
[Date "2022.02.15"]
[WhiteClock "0:00:09"]
[BlackClock "0:00:03"]

1. d4 d5 2. c4 c6 3. Nc3 Nf6 4. Nf3 dxc4 5. a4 Bf5 6. e3 e6 7. Bxc4 Bb4 8. O-O Nbd7 9. Qb3 a5 10. Na2 Be7 11. Bd2 O-O 12. Rfd1 Qc7 13. Rac1 Qb6 14. Be1 Qxb3 15. Bxb3 h6 16. Nd2 e5 17. Nf3 Bg4 18. dxe5 Bxf3 19. gxf3 Nxe5 20. Kg2 Ned7 21. Nc3 Nc5 22. Bc2 Na6 23. Ne4 Nxe4 24. Bxe4 Nc5 25. Rc4 b5 26. Rc2 Nxe4 27. fxe4 bxa4 28. Rd4 Bb4 29. Bxb4 axb4 30. Rxb4 Rfc8 31. Rcc4 a3 32. bxa3 Rxa3 33. Rb6 c5 34. Rb5 g6 35. Rbxc5 Rxc5 36. Rxc5 Ra6 37. Kg3 Kg7 38. f4 Ra4 39. e5 Ra6 40. h4 Kf8 41. Rc7 Kg7 42. Kf3 Rb6 43. Kg4 h5+ 44. Kf3 Ra6 45. Rd7 Kf8 46. Rd6 Ra4 47. Rb6 Ke7 48. Rb7+ Ke6 49. Rb6+ Ke7 50. Kg3 Rc4 51. Rb7+ Ke6 52. Kf2 Ra4 53. Rb6+ Ke7 54. Rd6 Rb4 55. Rd4 Rb2+ 56. Kg3 Rb3 57. Kf3 Ra3 58. Rb4 Rc3 59. Ke4 Rc1 60. Kf3 Rc3 61. Rd4 Ra3 62. Rb4 Ra1 63. Rb7+ Ke6 64. Kg3 Ra3 65. Kf2 Ra1 66. Rb6+ Ke7 67. Rd6 Ra2+ 68. Kf3 Rh2 69. Ke4 Rxh4 70. Rb6 Rh1 71. Rb7+ Ke6 72. Rb6+ Ke7 73. Rb7+ Ke6 74. Kf3 Rf1+ 75. Kg2 Re1 76. Kf2 Ra1 77. Rb6+ Kf5 78. Rf6+ Ke4 79. Rxf7 Ra2+ 80. Kg3 Kxe3 81. e6 Ra4 82. e7 Re4 83. Kh4 Kd4 84. Kg5 Kd5 85. Kxg6 Kd6 86. f5 1-0


[Site "https://www.chess.com"]

[Event "Titled Tuesday Blitz February 15 Early 2022"]
[White "Dew, Brian"]
[Black "Nilsen, Tobias Lang"]
[WhiteFideId "6000495"]
[BlackFideId "1521624"]
[WhiteElo "2118"]
[BlackElo "2013"]
[Result "1-0"]
[Round "08"]
[TimeControl "180+1"]
[Date "2022.02.15"]
[WhiteClock "0:00:09"]
[BlackClock "0:00:39"]

1. b3 f5 2. Bb2 Nf6 3. Nf3 e6 4. c4 d5 5. g3 c6 6. Bg2 Bd6 7. O-O O-O 8. d3 Qe7 9. Nc3 a6 10. e4 dxe4 11. dxe4 e5 12. exf5 Bxf5 13. Re1 Nbd7 14. Qd2 Rad8 15. Rad1 Bc5 16. h3 Bg6 17. Qe2 Rde8 18. Nd2 Ba7 19. Rf1 Nc5 20. Ba3 Qc7 21. Nde4 Ncxe4 22. Nxe4 Nxe4 23. Bxe4 Rf6 24. Kg2 Bd4 25. Bxg6 hxg6 26. Rxd4 exd4 27. Qxe8+ Kh7 28. Qe4 c5 29. Bc1 b6 30. Bg5 Qd7 31. Bxf6 gxf6 32. Re1 Kh6 33. Qh4+ Kg7 34. Qe4 Kf7 35. Qd5+ Qxd5+ 36. cxd5 b5 37. Kf3 c4 38. bxc4 bxc4 39. Ke4 d3 40. Rd1 Ke7 41. Kd4 c3 42. Kxc3 Kd6 43. Rxd3 g5 44. Kd4 f5 45. Re3 a5 46. Re6+ Kd7 47. Ra6 1-0


[Site "https://www.chess.com"]

[Event "Titled Tuesday Blitz February 15 Early 2022"]
[White "Dilmukhametov, Artur"]
[Black "Saim, Mohamed Ilias"]
[WhiteFideId "24179922"]
[BlackFideId "7900465"]
[WhiteElo "2266"]
[BlackElo "2006"]
[Result "0-1"]
[Round "08"]
[TimeControl "180+1"]
[Date "2022.02.15"]
[WhiteClock "0:01:30"]
[BlackClock "0:00:46"]

1. d4 Nf6 2. c4 e6 3. Nc3 Bb4 4. Bd2 O-O 5. a3 Be7 6. e4 h6 7. Qc1 Nc6 8. d5 Nd4 9. Bd3 Nb3 10. Qb1 Nxa1 11. Qxa1 exd5 12. exd5 d6 13. Qc1 Re8 14. Bxh6 gxh6 15. Qxh6 Bf8+ 16. Qe3 Rxe3+ 17. fxe3 Qe7 18. Nd1 Ng4 19. Nf3 Nxe3 20. Nxe3 Qxe3+ 21. Be2 Bg4 22. h3 Bxf3 23. gxf3 Re8 24. Rh2 Bh6 25. Rg2+ Kh7 26. Kf1 Qc1+ 27. Kf2 Qd2 28. Kf1 Rg8 29. Rxg8 Kxg8 30. h4 Qe3 31. b4 Bf4 32. c5 Bg3 33. cxd6 Qf2# 0-1


[Site "https://www.chess.com"]

[Event "Titled Tuesday Blitz February 15 Early 2022"]
[White "Do Valle Cardoso, Lucas"]
[Black "Avazkhonov, Alikhon"]
[WhiteFideId "2163144"]
[BlackFideId "14208504"]
[WhiteElo "2357"]
[BlackElo "1739"]
[Result "1-0"]
[Round "08"]
[TimeControl "180+1"]
[Date "2022.02.15"]
[WhiteClock "0:01:06"]
[BlackClock "0:00:02"]

1. e4 c6 2. d4 d5 3. Nc3 dxe4 4. Nxe4 Nf6 5. Nxf6+ exf6 6. c3 Bd6 7. Bd3 O-O 8. Qc2 Re8+ 9. Ne2 h5 10. Be3 Nd7 11. O-O-O Nf8 12. Kb1 Be6 13. h3 b5 14. g4 h4 15. Be4 Qc8 16. d5 cxd5 17. Bxd5 Bxd5 18. Rxd5 Qc6 19. Rhd1 Rad8 20. Qb3 a6 21. Nd4 Qc7 22. Nf5 Be5 23. Nxh4 Ne6 24. Nf5 Bf4 25. a3 Rxd5 26. Qxd5 g6 27. Nd4 Bxe3 28. fxe3 Ng5 29. h4 Ne4 30. h5 g5 31. Nf5 Qe5 32. Nh6+ Kh8 33. Nxf7+ 1-0


[Site "https://www.chess.com"]

[Event "Titled Tuesday Blitz February 15 Early 2022"]
[White "Dobrov, Vladimir"]
[Black "Andreikin, Dmitry"]
[WhiteFideId "4136594"]
[BlackFideId "4158814"]
[WhiteElo "2614"]
[BlackElo "2736"]
[Result "0-1"]
[Round "08"]
[TimeControl "180+1"]
[Date "2022.02.15"]
[WhiteClock "0:00:02"]
[BlackClock "0:00:04"]

1. d4 Nf6 2. c4 e6 3. Nf3 d5 4. Nc3 a6 5. cxd5 exd5 6. Bg5 Be6 7. e3 Nbd7 8. Bd3 h6 9. Bh4 g5 10. Bg3 Nh5 11. Qc2 Nxg3 12. hxg3 c6 13. O-O-O g4 14. Nh4 Qf6 15. Nf5 O-O-O 16. Rh5 Kb8 17. Kb1 Rc8 18. Rdh1 c5 19. dxc5 Nxc5 20. Qd2 Nxd3 21. Qxd3 Qg6 22. Nxd5 Bc5 23. Nf4 Qf6 24. Nd4 Rhd8 25. Rxh6 Qe5 26. Nfxe6 fxe6 27. Rd1 Qd5 28. Qf1 Qe4+ 29. Ka1 Bxd4 30. exd4 Rxd4 31. Rxd4 Qxd4 32. Rxe6 Rc2 33. Qb1 Rxf2 34. Re4 Qf6 35. Rxg4 Rf1 36. Rf4 Rxb1+ 37. Kxb1 Qg6+ 38. Ka1 Qxg3 39. Rf1 Qxg2 40. Rc1 Qd2 41. Kb1 Ka7 42. Rc2 Qd3 43. b3 Qd4 44. Rc4 Qd3+ 45. Kb2 b5 46. Rc2 Qd4+ 47. Kb1 Kb6 48. a3 Ka5 49. Ka2 Qe4 50. Kb2 Kb6 51. Kb1 Qd3 52. Kb2 a5 53. Rc3 Qd4 54. Kc2 Qf2+ 55. Kb1 Qe1+ 56. Kb2 Qe5 57. Kc2 Qd5 58. Kb2 Qf7 59. Rc2 Qf6+ 60. Ka2 Qd4 61. Kb1 Qd5 62. Kb2 a4 63. bxa4 bxa4 64. Rc3 Qd2+ 65. Rc2 Qd3 66. Rc3 Qd4 67. Kc2 Kb5 68. Kb2 Qe5 69. Kc2 Qe2+ 70. Kc1 Qa2 71. Kd1 Qb2 72. Re3 Kc4 73. Ke1 Kd4 74. Rf3 Qc2 75. Kf1 Ke4 76. Rg3 Kf4 77. Rh3 Qd2 78. Kg1 Kg4 79. Rh8 Qc1+ 80. Kg2 Qb2+ 0-1


[Site "https://www.chess.com"]